 Dungeon Crawl Stone Soup version 0.25-a0-583-g696c2ac64d (webtiles) character file.

Game seed: 10022232540483727455, levelgen mode: deterministic

265 Kohma the Insei (level 6, -1/46 HPs)
             Began as an Octopode Transmuter on Mar 8, 2020.
             Succumbed to an adder's poison
             ... on level 2 of the Dungeon.
             The game lasted 00:05:25 (1416 turns).

Kohma the Insei (Octopode Transmuter)               Turns: 1416, Time: 00:05:26

Health: -1/46      AC:  5    Str: 14    XL:     6   Next: 20%
Magic:  6/11       EV: 11    Int: 17    God:
Gold:   118        SH:  0    Dex: 12    Spells: 2/12 levels left

rFire    x . .     SeeInvis .     - Unarmed
rCold    + + +     Gourm    .   (shield currently unavailable)
rNeg     . . .     Faith    .   (helmet currently unavailable)
rPois    +         Spirit   .   (no amulet)
rElec    .         Reflect  .   (no ring)
rCorr    .         Harm     .   (no ring)
MR       .....                  (no ring)
Stlth    +.........             (no ring)
HPRegen  0.15/turn              (no ring)
MPRegen  0.12/turn              (no ring)
                                (no ring)
                                (no ring)

@: lethally poisoned (-1 -> -20), about to teleport, ice-form
A: large, almost no armour, stealthy swim, amphibious, 8 rings, (constrict 8),
strong 2
a: End Transformation


You were on level 2 of the Dungeon.
You were not hungry.
You were a creature of crystalline ice.
You visited 1 branch of the dungeon, and saw 2 of its levels.

You collected 118 gold pieces.

Inventory:

Missiles
 a - 12 arrows
Scrolls
 b - a scroll of identify {unknown}
 d - a scroll of noise {unknown}
 e - a scroll of teleportation
 g - a scroll of remove curse
Comestibles
 c - 2 rations
 f - 11 chunks of flesh


   Skills:
 + Level 2.2 Fighting
 + Level 2.9 Dodging
 + Level 3.7 Unarmed Combat
 - Level 3.5 Spellcasting
 * Level 3.7 Transmutations
 + Level 0.6 Poison Magic


You had 2 spell levels left.
You knew the following spells:

 Your Spells              Type           Power        Failure   Level  Hunger
a - Beastly Appendage     Tmut           ###...       3%          1    None
b - Sticks to Snakes      Tmut           ###.....     5%          2    ##.....
c - Spider Form           Tmut/Pois      ##........   21%         3    ###....
d - Ice Form              Ice/Tmut       #.......     61%         4    ####...

Your spell library contained the following spells:

 Spells                   Type           Power        Failure   Level  Hunger
 Blade Hands              Tmut           ###.......   69%         5    ######.


Dungeon Overview and Level Annotations

Branches:
Dungeon (2/15)

Altars:


Innate Abilities, Weirdness & Mutations

You cannot wear most types of armour.
You are very stealthy in the water. (Stealth+)
You are amphibious.
You can wear up to eight rings at the same time.
((You can use your tentacles to constrict eight enemies at once.))
((Your skin changes colour to match your surroundings (Stealth+).))
((Your rubbery body absorbs attacks. (AC +1, EV +1)))
((You are partially covered in molten scales. (AC +2)))
Your muscles are very strong. (Str +4)


Message History

* * * LOW HITPOINT WARNING * * *
You feel sick. The bat misses you.
You hit the bat.
You kill the bat!
* * * LOW HITPOINT WARNING * * *
You feel sick.
As you read the scroll labeled ESIKEXOIXKA, it crumbles to dust.
You feel strangely unstable.
It was a scroll of teleportation.
Your transformation has ended.
* * * LOW HITPOINT WARNING * * *
You feel sick.
As you read the scroll labeled LIWETE DAVEV, it crumbles to dust.
You feel blessed for a moment.
It was a scroll of remove curse.
* * * LOW HITPOINT WARNING * * *
You feel sick.
Casting: Spider Form (safe; 21% risk of failure)
Confirm with . or Enter, or press ? or * to list all spells.
The spell is very dangerous to cast (61% risk of failure)!
Continue anyway?
You turn into a creature of crystalline ice.
You die...

#.... ##>.#.... ....#
....... #......... .....
....... ......... .# #..
....... #.....# #.# #.
....... #.....# ..# ##.
....... ##.....####.###..
.......##.........#.#....
......†)Y................
......†.†................
.......).....(#.##..#....
..............#(###.#....
..........#.....###......
..........#....#.........
.........................
....................#....
####.......#..##....#....


There were no monsters in sight!

Vanquished Creatures
  Sigmund (D:2)
  A howler monkey (D:2)
  2 adders (D:2)
  An ooze (D:1)
  2 dart slugs (D:2)
  A leopard gecko (D:1)
  3 ball pythons
  2 giant cockroaches
  2 goblins (D:1)
  6 hobgoblins
  8 jackals (D:1)
  4 kobolds
  4 bats
  3 frilled lizards
  5 rats
45 creatures vanquished.

Notes
Turn   | Place    | Note
-------+----------+-------------------------------------------
     0 | D:1      | Kohma the Octopode Transmuter began the quest for the Orb.
     0 | D:1      | Reached XP level 1. HP: 13/13 MP: 3/3
   227 | D:1      | Reached XP level 2. HP: 18/18 MP: 3/5
   604 | D:1      | Reached XP level 3. HP: 23/23 MP: 6/6
   626 | D:1      | Learned a level 2 spell: Sticks to Snakes
   630 | D:1      | Learned a level 3 spell: Spider Form
   922 | D:2      | Reached XP level 4. HP: 28/28 MP: 6/8
   932 | D:2      | Noticed Sigmund
   947 | D:2      | Gained mutation: Your muscles are strong. (Str +2) [potion
                  | of mutation]
   947 | D:2      | Gained mutation: Your muscles are very strong. (Str +4)
                  | [potion of mutation]
   947 | D:2      | Gained mutation: You are partially covered in molten
                  | scales. (AC +2) [potion of mutation]
   947 | D:2      | Killed Sigmund
   947 | D:2      | Reached XP level 5. HP: 2/34 MP: 2/10
   947 | D:2      | Reached XP level 6. HP: 3/39 MP: 2/11
  1242 | D:1      | Learned a level 4 spell: Ice Form
  1415 | D:2      | HP: 1/39 [poisoned by an adder]
  1416 | D:2      | Succumbed to an adder's poison

Levels and vault maps discovered:
D:1:      lightli_arrival_isolated_outpost, layout_basic
D:2:      layout_rooms, uniq_sigmund

Skill      XL: |  1  2  3  4 |
---------------+-------------+-----
Fighting       | 2 |  2.2
Spellcasting   | 3 |  3.5
Transmutations | 3 |  3.7
Dodging        | |  2.9
Unarmed Combat | |  3.7
Poison Magic   | |  0.6

Action                   |  1- 3 |  4- 6 || total
-------------------------+-------+-------++-------
Melee: Unarmed           |    49 |    30 ||    79
       Constrict         |    13 |     4 ||    17
       Kick              |     6 |     1 ||     7
       Tentacles         |     9 |     3 ||    12
       Punch             |     1 |       ||     1
 Cast: Beastly Appendage |     3 |     1 ||     4
       Spider Form       |     1 |     2 ||     3
       Ice Form          |       |     1 ||     1
  Use: Potion            |       |     1 ||     1
       Scroll            |       |     2 ||     2
 Stab: Sleeping          |     3 |     2 ||     5
       Distracted        |     1 |       ||     1
  Eat: Chunk             |       |     2 ||     2
Armor: Skin              |     2 |     6 ||     8
Dodge: Dodged            |    31 |    45 ||    76

Table legend:
 A = Non-vault XP
 B = Vault XP
 C = Vault XP percentage of total XP
 D = Non-vault monster count
 E = Vault monster count
 F = Vault count percentage of total count
                 A         B        C        D         E       F
            +---------+---------+-------+---------+---------+-------
      Total |     159 |     220 |  58.0 |      44 |       1 |   2.2
            +---------+---------+-------+---------+---------+-------
        D:1 |      52 |       0 |   0.0 |      26 |       0 |   0.0
        D:2 |     107 |     220 |  67.3 |      18 |       1 |   5.3
            +---------+---------+-------+---------+---------+-------
